 Dungeon Crawl Stone Soup version 0.27-a0-1144-g0b7d3b79db (webtiles) character file.

Game seed: 7636408797313056361

79 siradein the Chopper (level 4, 0/39 HPs)
             Began as a Hill Orc Fighter on May 11, 2021.
             Slain by an orc wizard
             ... wielding a +0 dagger
              (4 damage)
             ... on level 3 of the Dungeon.
             The game lasted 00:04:12 (2434 turns).

siradein the Chopper (Hill Orc Fighter)             Turns: 2434, Time: 00:04:13

Health: 0/39       AC:  8    Str: 19    XL:     4   Next: 37%
Magic:  4/4        EV:  7    Int:  8    God:
Gold:   50         SH:  9    Dex: 10    Spells: 3/3 levels left

rFire    . . .     SeeInvis .   a - +0 war axe
rCold    . . .     Faith    .   c - +0 kite shield
rNeg     . . .     Spirit   .   b - +0 scale mail
rPois    .         Reflect  .   (no helmet)
rElec    .         Harm     .   (no cloak)
rCorr    .         Rampage  .   i - +0 pair of gloves
Will     .....                  (no boots)
Stlth    ..........             (no amulet)
HPRegen  0.13/turn              (no ring)
MPRegen  0.09/turn              (no ring)

@: no status effects
A: no striking features
a: no special abilities


You were on level 3 of the Dungeon.
You visited 1 branch of the dungeon, and saw 3 of its levels.

You collected 50 gold pieces.

Inventory:

Hand Weapons
 a - a +0 war axe (weapon)
Armour
 b - a +0 scale mail (worn)
 c - a +0 kite shield (worn)
 i - a +0 pair of gloves (worn)
Scrolls
 e - a scroll of enchant weapon {unknown}
 h - 2 scrolls of enchant armour {unknown}
 j - a scroll of fog {unknown}
 k - a scroll of identify {unknown}
Potions
 d - 3 potions of might
 f - a potion of invisibility {unknown}
 g - 4 potions of degeneration {unknown}
 l - a potion of flight {unknown}
 m - a potion of haste {unknown}


   Skills:
 - Level 3.6 Fighting
 + Level 6.0 Axes
 - Level 3.2 Armour
 - Level 3.2 Shields


You had 3 spell levels left.
You didn't know any spells.
Your spell library contained the following spells:

 Spells                   Type           Power      Damage    Failure   Level
 Confusing Touch          Hex            0%         N/A       100%        3
 Gell's Gravitas          Tloc           0%         N/A       100%        3
 Petrify                  Tmut/Erth      0%         N/A       100%        4
 Metabolic Englaciation   Hex/Ice        0%         N/A       100%        5
 Yara's Violent Unravell  Hex/Tmut       0%         3d3       100%        5


Dungeon Overview and Level Annotations

Branches:
Dungeon (3/15)

Altars:
Ashenzari


Message History

A magic dart appears from out of thin air!
The magic dart hits you!
You hit something but do no damage. Something hits you.
Something hits you but does no damage.
You miss something. Something hits you but does no damage.
You slash something! Something hits you but does no damage.
You closely miss something.
Something hits you but does no damage. x2
You barely miss something. Something hits you but does no damage.
You closely miss something.
An orc wizard appears from thin air!
Reactivating autopickup.
The orc wizard hits you but does no damage.
You block the orc wizard's attack.
You miss the orc wizard.
The orc wizard is severely wounded.
The orc wizard points at itself and mumbles some strange words.
The orc wizard flickers and vanishes!
Deactivating autopickup; reactivate with Ctrl-A.
You miss something. You block something's attack.
You hear some strange, mumbled words.
You are confused.
You bump into the rock wall.
You hear some strange, mumbled words.
A magic dart appears from out of thin air!
The magic dart hits you.
You hear some strange, mumbled words.
A puff of flame appears from out of thin air!
The puff of flame hits you.
* * * LOW HITPOINT WARNING * * *
You bump into the rock wall.
Something hits you.
* * * LOW HITPOINT WARNING * * *
Something hits you but does no damage.
You bump into the rock wall.
You feel less confused. Something hits you.
* * * LOW HITPOINT WARNING * * *
You miss something. Something hits you but does no damage.
You closely miss something. Something completely misses you.
You barely miss something. You block something's attack. Something hits you.
You die...

..>.....<..#.#
#..#...#
......#.#..#.#
####..#...#
#####.#.#..#.#
<.....#...###### #
#.#.#..#.#
#.#...#....<...# #
#.#....#
#.#...#..#####.### #
#.####.#
#.#............... #
#.# #.#
#.#.#.#........### #
#.#
#.#.###.#.#.#...######
# #.#
.#..){@#.#†#.........#
#####.#
#####.#.#.#..######.#
......#
#...................
#######
#.##......#########.
#....+++++# #..#.
#..#. ## #. ..


There were no monsters in sight!

Vanquished Creatures
  An adder (D:2)
  2 dart slugs
  2 orcs (D:3)
  6 endoplasms
  A giant cockroach (D:1)
  8 goblins
  3 hobgoblins
  9 jackals (D:1)
  3 kobolds
  4 quokkas
  6 ball pythons
  3 bats
  3 frilled lizards
  7 rats
58 creatures vanquished.

Notes
Turn   | Place    | Note
-------+----------+-------------------------------------------
     0 | D:1      | siradein the Hill Orc Fighter began the quest for the Orb.
     0 | D:1      | Reached XP level 1. HP: 19/19 MP: 1/1
    27 | D:1      | Reached skill level 3 in Axes
    48 | D:1      | Reached XP level 2. HP: 7/26 MP: 2/2
   458 | D:1      | Reached skill level 4 in Axes
   938 | D:1      | Reached XP level 3. HP: 31/31 MP: 3/3
  1295 | D:1      | Reached skill level 5 in Axes
  1461 | D:2      | Found a broken altar of Ashenzari.
  1656 | D:2      | Reached XP level 4. HP: 39/39 MP: 4/4
  2404 | D:3      | Reached skill level 6 in Axes
  2434 | D:3      | Slain by an orc wizard

Illustrated notes

Levels and vault maps discovered:
D:1:      amcnicky_arrival_double_pillar, layout_basic, minmay_hedge_maze
D:2:      layout_loops_ring, basic_altar
D:3:      layout_basic, hellmonk_ecumenical_altar_heavens_door

Skill      XL: |  1  2  3  4 |
---------------+-------------+-----
Axes           | 3 4 5 6 |  6.0
Fighting       | |  3.6
Armour         | |  3.2
Shields        | |  3.2

Action                   |  1- 3 |  4- 6 || total
-------------------------+-------+-------++-------
Melee: War axe           |   127 |    60 ||   187
Armor: Scale mail        |    69 |    29 ||    98
Dodge: Dodged            |    61 |    11 ||    72
Block: Kite shield       |    67 |    23 ||    90

Table legend: (Time is in decaauts)
 A = Elapsed time spent in this place.
 B = Non-inter-level travel time spent in this place.
 C = Inter-level travel time spent in this place.
 D = Time resting spent in this place.
 E = Time spent auto-exploring this place.
 F = Levels seen in this place.
 G = Mean time per level.
                   A        B        C        D        E       F      G
               +--------+--------+--------+--------+--------+-----+--------+
         Total |   2524 |   2484 |     40 |      0 |   2059 |   3 |  841.3 |
       Dungeon |   2524 |   2484 |     40 |      0 |   2059 |   3 |  841.3 |
               +--------+--------+--------+--------+--------+-----+--------+

Top non-repeatable levels by time:
     D:1: 1410 daAuts
     D:2: 672 daAuts
     D:3: 441 daAuts
